 Dungeon Crawl Stone Soup version 0.25.0-9-g26727b657a (console) character file.

Game seed: 3178548227788110162

51 Garrluk the Firebug (level 3, -2/19 HPs)
             Began as a Deep Elf Fire Elementalist on June 18, 2020.
             Slain by a gnoll
             ... wielding a +0 spear
              (5 damage)
             ... on level 2 of the Dungeon.
             The game lasted 00:03:50 (1351 turns).

Garrluk the Firebug (Deep Elf Fire Elementalist)    Turns: 1351, Time: 00:03:50

Health: -2/19      AC:  2    Str:  5    XL:     3   Next: 58%
Magic:  9/10       EV: 13    Int: 20    God:
Gold:   48         SH:  0    Dex: 21    Spells: 5/9 levels left

rFire    + . .     SeeInvis .   i - +1 dagger (drain)
rCold    + . .     Gourm    .   (no shield)
rNeg     . . .     Faith    .   a - +0 robe
rPois    .         Spirit   .   (no helmet)
rElec    .         Reflect  .   e - scarf {rC+ rF+}
rCorr    .         Harm     .   (no gloves)
MR       .....                  (no boots)
Stlth    ++........             (no amulet)
HPRegen  0.06/turn              b - +6 ring of dexterity (curse)
MPRegen  0.12/turn              (no ring)

@: no status effects
A: no striking features
a: no special abilities


You were on level 2 of the Dungeon.
You were not hungry.

You visited 1 branch of the dungeon, and saw 2 of its levels.

You collected 48 gold pieces.

Inventory:

Hand Weapons
 i - a +1 dagger of draining (weapon)
Armour
 a - a +0 robe (worn)
 e - a scarf of resistance (worn)
Jewellery
 b - a cursed +6 ring of dexterity (left hand)
Scrolls
 g - 2 scrolls of identify {unknown}
 k - a scroll of teleportation {unknown}
Potions
 d - a potion of ambrosia {unknown}
 f - a potion of magic {unknown}
 h - a potion of resistance {unknown}
Comestibles
 c - a ration
 j - 2 chunks of flesh


   Skills:
 - Level 2.4 Dodging
 - Level 2.4 Stealth
 + Level 3.7 Spellcasting
 * Level 2.9 Conjurations
 + Level 3.8 Fire Magic


You had 5 spell levels left.
You knew the following spells:

 Your Spells              Type           Power        Failure   Level  Hunger
a - Foxfire               Conj/Fire      ###.         3%          1    None
b - Conjure Flame         Conj/Fire      ###.....     10%         3    ###....

Your spell library contained the following spells:

 Spells                   Type           Power        Failure   Level  Hunger
 Inner Flame              Hex/Fire       ##......     19%         3    ###....
 Sticky Flame             Conj/Fire      ###.....     32%         4    ####...
 Fireball                 Conj/Fire      ###.......   67%         5    ######.


Dungeon Overview and Level Annotations

Branches:
Dungeon (2/15)

Altars:


Message History

Anything else - Cancel.
You shout for attention!
The gnoll shouts!
You hear a shout!
The gnoll throws a throwing net.
The throwing net hits you.
You become entangled in the net!
A gnoll comes into view. It is wielding a +0 halberd.
You see here a throwing net.
You struggle against the net.
You struggle against the net.
You struggle against the net.
You struggle against the net.
Casting: Foxfire (safe; 3% risk of failure)
Confirm with . or Enter, or press ? or * to list all spells.
You conjure some foxfire!
The gnoll hits you from afar with a +0 spear.
You rip the net and break free!
The foxfire hits the gnoll.
The gnoll is heavily wounded.
The gnoll hits you from afar with a +0 halberd!
Ouch! That really hurt!
* * * LOW HITPOINT WARNING * * *
The gnoll hits you from afar with a +0 spear.
You die...

#...>.......# ......#.#
#.......<...##......#.#
#...........++......#.#
#...........##......#.#
#.............(...#.#.#
##'##...........[.#.#.##
#.##.#.###.).....#.....
#........'.............
#..#.#.###........##.## #..#.#v#
#.....)..##.# #..#.#@#
#.......(##.#
###########..#.#.###........##.#
............>..gg(.+........##.#
################.###........# .#
# #.# ##+#+###.. # #.# #### #
#.# # #.. ###


You could see 2 gnolls.

Vanquished Creatures
  A gnoll (D:2)
  A worm (D:2)
  A leopard gecko (D:1)
  8 goblins
  6 hobgoblins
  4 jackals (D:1)
  3 bats (D:1)
  5 kobolds
  6 rats
35 creatures vanquished.

Vanquished Creatures (others)
  65 foxfires
65 creatures vanquished.

Grand Total: 100 creatures vanquished

Notes
Turn   | Place    | Note
-------+----------+-------------------------------------------
     0 | D:1      | Garrluk the Deep Elf Fire Elementalist began the quest for
                  | the Orb.
     0 | D:1      | Reached XP level 1. HP: 10/10 MP: 6/6
   113 | D:1      | Reached XP level 2. HP: 15/15 MP: 1/8
   584 | D:1      | Reached XP level 3. HP: 11/19 MP: 8/10
  1139 | D:2      | Learned a level 3 spell: Conjure Flame
  1351 | D:2      | Slain by a gnoll

Illustrated notes

Levels and vault maps discovered:
D:1:      lightli_arrival_statue_moat, layout_basic
D:2:      layout_basic, chequers_temple_overflow_statue_of_worship

Skill      XL: |  1  2 |
---------------+-------+-----
Conjurations   | 2 |  2.9
Dodging        | |  2.4
Stealth        | |  2.4
Spellcasting   | |  3.7
Fire Magic     | |  3.8

Action                   || total
-------------------------++-------
Melee: Short sword       ||    23
       Dagger            ||     6
 Cast: Foxfire           ||    40
 Stab: Sleeping          ||     5
  Eat: Chunk             ||     1
Armor: Robe              ||     7
Dodge: Dodged            ||    18
